 Dungeon Crawl Stone Soup version 0.23.1 (webtiles) character file.

Game seed: 4299486342337196692

23 uberloutre the Caller (level 2, 0/11 HPs)
             Began as a Felid Summoner on Mar 7, 2019.
             Slain by a leopard gecko (2 damage)
             ... on level 1 of the Dungeon.
             The game lasted 00:04:46 (1217 turns).

uberloutre the Caller (Felid Summoner)              Turns: 1217, Time: 00:04:46

Health: 0/11       AC:  1    Str:  4    XL:     2   Next: 72%
Magic:  4/6        EV: 18    Int: 16    God:
Gold:   93         SH:  0    Dex: 16    Spells: 2/5 levels left
                                        Lives:  0   Deaths: 0

rFire    . . .     SeeInvis +   (weapon unavailable)
rCold    . . .     Gourm    .   (shield unavailable)
rNeg     . . .     Faith    .   (armour unavailable)
rPois    .         Spirit   .   (helmet unavailable)
rElec    .         Reflect  .   (cloak unavailable)
rCorr    .         Harm     .   (gloves unavailable)
MR       .....                  (boots unavailable)
Stlth    +++.......             (no amulet)
HPRegen  0.03/turn              (no ring)
MPRegen  0.10/turn              (no ring)

@: quick
A: very small, no armour, no weapons or thrown items, stealth, claws 1, fangs 3,
see invisible, carnivore, speed 1, shaggy fur 1, slow metabolism 1, sharp paws
a: no special abilities


You were on level 1 of the Dungeon.
You were very full.

You visited 1 branch of the dungeon, and saw 1 of its levels.

You collected 93 gold pieces.

Inventory:

Scrolls
 a - a scroll of blinking {unknown}
 d - a scroll of identify {unknown}
 e - a scroll of remove curse {unknown}
Potions
 c - a potion of brilliance {unknown}
Comestibles
 b - 2 rations


   Skills:
 + Level 2.7 Dodging
 + Level 2.8 Stealth
 + Level 0.1 Unarmed Combat
 + Level 2.2 Spellcasting
 + Level 4.6 Summonings


You had 2 spell levels left.
You knew the following spells:

 Your Spells              Type           Power        Failure   Level  Hunger
a - Summon Small Mammal   Summ           ###.         3%          1    #......
b - Call Imp              Summ           ###.....     4%          2    ###....

Your spell library contained the following spells:

 Spells                   Type           Power        Failure   Level  Hunger
 Call Canine Familiar     Summ           ###.....     9%          3    ###....
 Summon Guardian Golem    Hex/Summ       #.......     24%         3    ###....
 Summon Ice Beast         Ice/Summ       #.......     61%         4    #####..
 Summon Lightning Spire   Summ/Air       #.......     61%         4    #####..


Dungeon Overview and Level Annotations

Branches:
Dungeon (1/15)

Altars:


Innate Abilities, Weirdness & Mutations

You cannot wear armour.
You are incapable of wielding weapons or throwing items.
Your paws allow you to move quietly. (Stealth)
You have sharp claws.
You have razor-sharp teeth.
You have supernaturally acute eyesight. (SInv)
You are carnivorous and can eat meat at any time.
You cover ground quickly.
You are covered in fur. (AC +1)
You have a slow metabolism.
Your sharp claws are effective at attacking unaware monsters.


Message History

Your white imp gestures at the kobold.
The puff of frost hits the kobold!
The kobold dies!
You swap places.
You see here a +0 whip.
You start resting.
A leopard gecko comes into view.
You swap places.
You see here a +0 whip.
Your white imp disappears in a puff of smoke!
You swap places.
The leopard gecko misses you.
Your white imp disappears in a puff of smoke!
The leopard gecko bites you.
* * * LOW HITPOINT WARNING * * *
You barely miss the leopard gecko.
The leopard gecko bites you but does no damage.
You scratch the leopard gecko.
The leopard gecko is heavily wounded.
The leopard gecko bites you.
You die...

.#........#.# ............
......(.... #### #........#.....
.#...†....#(... #....>.........
# ## #....%.....# ..####.
#....§@..# ####### .....#.
##..##)l## #. .........
......#######.§..###...########
# #.........####...........####
....##..####......###...###..##.
#.........#####............##.
######....###.......#.##......
##### ##.#.#...#####.#....###..
[...# #.........).#.####.# #..


You could see a leopard gecko.

Vanquished Creatures
  A leopard gecko (D:1)
  A bat (D:1)
2 creatures vanquished.

Vanquished Creatures (collateral kills)
  An ooze (D:1)
  3 dart slugs (D:1)
  A bat (D:1)
  A giant cockroach (D:1)
  5 goblins (D:1)
  6 hobgoblins (D:1)
  2 kobolds (D:1)
  3 frilled lizards (D:1)
  2 rats (D:1)
24 creatures vanquished.

Grand Total: 26 creatures vanquished

Notes
Turn   | Place    | Note
-------+----------+-------------------------------------------
     0 | D:1      | uberloutre the Felid Summoner began the quest for the Orb.
     0 | D:1      | Reached XP level 1. HP: 7/7 MP: 4/4
   482 | D:1      | Reached XP level 2. HP: 11/11 MP: 0/6
   557 | D:1      | Learned a level 2 spell: Call Imp
  1217 | D:1      | Slain by a leopard gecko

Action                   || total
-------------------------++-------
Melee: Unarmed           ||     9
 Cast: Summon Small Mamm ||    23
       Call Imp          ||    10
 Stab: Sleeping          ||     1
  Eat: Chunk             ||     8
Armor: Skin              ||     1
Dodge: Dodged            ||    11
